 Dungeon Crawl Stone Soup version 0.28-a0-577-gb193047a1f (webtiles) character file.

Game seed: 16650279259682556739

1240 HoaS the Cruncher (level 8, 0/44 HPs)
             Began as a Gargoyle Gladiator on Oct 1, 2021.
             Was a Follower of Okawaru.
             Slain by an orc warrior (10 damage)
             ... on level 7 of the Dungeon.
             The game lasted 00:09:18 (5590 turns).

HoaS the Cruncher (Gargoyle Gladiator)              Turns: 5590, Time: 00:09:19

Health: 0/44       AC: 17    Str: 20    XL:     8   Next: 49%
Magic:  8/10       EV: 10    Int:  9    God:    Okawaru [*.....]
Gold:   445        SH:  0    Dex: 11    Spells: 7/7 levels left

rFire   . . .      SeeInvis .   a - +1 quarterstaff
rCold   . . .      Faith    .   (shield currently unavailable)
rNeg    + . .      Spirit   .   l - +0 chain mail
rPois   ∞          Reflect  .   c - +0 helmet
rElec   +          Harm     .   (no cloak)
rCorr   .          Rampage  .   t - +0 pair of gloves
Will    .....                   (no boots)
Stlth   ..........              (no amulet)
HPRegen 0.14/turn               (no ring)
MPRegen 0.12/turn               (no ring)

@: heroic
A: sickness immunity, AC +5, negative energy resistance 1, electricity
resistance, torment resistance 1, petrification resistance
a: Renounce Religion, Heroism


You were on level 7 of the Dungeon.
You worshipped Okawaru.
Okawaru was aware of your devotion.
You visited 2 branches of the dungeon, and saw 8 of its levels.

You collected 445 gold pieces.

Inventory:

Hand Weapons
 a - a +1 quarterstaff (weapon)
Missiles
 b - 10 poisoned darts
 d - 3 throwing nets (quivered)
 g - 26 arrows
 i - 12 bolts
Armour
 c - a +0 helmet (worn)
 l - a +0 chain mail (worn)
 t - a +0 pair of gloves (worn)
Jewellery
 f - a ring of fire
Wands
 k - a wand of iceblast (3)
 r - a wand of mindburst (14)
Scrolls
 n - 2 scrolls of teleportation
 q - a scroll of fog
 u - a scroll of blinking
Potions
 e - a potion of flight {unknown}
 h - a potion of invisibility {unknown}
 j - 2 potions of haste {unknown}
 m - a potion of lignification {unknown}
 o - a potion of curing {unknown}
 p - 2 potions of might {unknown}
 s - a potion of magic {unknown}


   Skills:
 - Level 2.1(7.1) Fighting
 * Level 9.7(14.7) Staves
 - Level 2.0(7.0) Bows
 - Level 1.7(6.7) Throwing
 - Level 2.4(7.4) Dodging
 - Level 3.0 Invocations


You had 7 spell levels left.
You didn't know any spells.
Your spell library contained the following spells:

 Spells                   Type           Power      Damage    Failure   Level
 Stone Arrow              Conj/Erth      0%         3d7       100%        3
 Lehudib's Crystal Spear  Conj/Erth      0%         10d2      100%        8
 Animate Armour           Summ/Erth      Unusable   N/A       N/A         4

Dungeon Overview and Level Annotations

Branches:
Dungeon (7/15)             Temple (1/1) D:4

Altars:
Cheibriados
Elyvilon
Fedhas
Gozag
Okawaru
Qazlal
Ru
Sif Muna
Uskayaw
Vehumet
Wu Jian
Yredelemnul
Zin
The Shining One
Lugonu

Portals:
Abyss: D:1


Innate Abilities, Weirdness & Mutations

You are immune to sickness and miasma.
Your stone body is resilient. (AC +5)
You are immune to poison.
You resist negative energy. (rN+)
You are resistant to electric shocks. (rElec)
You are resistant to unholy torment.
You are immune to petrification.


Message History

The orc wizard gestures wildly while chanting.
The orc wizard flickers and vanishes!
Deactivating autopickup; reactivate with Ctrl-A.
You closely miss something.
The orc throws a boomerang.
You hit something. Okawaru accepts your kill.
Reactivating autopickup.
You feel a bit more experienced. The orc hits you but does no damage.
Things that are here:
a +0 dagger; a +0 robe You barely miss the orc.
The orc hits you but does no damage.
You hit the orc but do no damage. The orc hits you but does no damage.
You barely miss the orc. The orc barely misses you.
You sock the orc!
You kill the orc!
Okawaru accepts your kill.
You gain the combat prowess of a mighty hero.
You hit the orc warrior but do no damage.
The orc warrior hits you with a +0 battleaxe!
The orc hits you but does no damage.
You barely miss the orc warrior.
The orc warrior hits you with a +0 battleaxe.
You hit the orc warrior.
The orc warrior is lightly wounded.
The orc hits you from afar with a +0 trident.
You hit the orc warrior.
The orc warrior is lightly wounded.
The orc warrior hits you with a +0 battleaxe!
* * * LOW HITPOINT WARNING * * *
You hit the orc warrior.
The orc warrior is moderately wounded.
The orc closely misses you.
You hit the orc warrior.
The orc warrior is moderately wounded.
The orc warrior barely misses you. The orc barely misses you.
You closely miss the orc warrior.
The orc warrior is moderately wounded.
The orc warrior hits you with a +0 battleaxe!
You die...

..# #..# #...###
##.....o.
#.....o# #.# #o#
#o# #@# #.# #.#
###.#######
#.<.......#
#.###.###.# #.#
#..##.####...
#.###............
#.....###.####...


You could see an orc warrior and an orc.

Vanquished Creatures
  An ice beast (D:5)
  A necrophage (D:5)
  A sky beast (D:5)
  2 ogres
  A gnoll sergeant (D:6)
  2 jellies
  A bullfrog zombie (D:5)
  An orc priest (D:5)
  2 hounds (D:5)
  2 centaur skeletons
  Jessica (D:3)
  2 scorpion zombies
  An orc wizard (D:7)
  5 iguanas
  A hound zombie (D:4)
  A hound skeleton (D:4)
  2 howler monkey skeletons (D:4)
  9 adders
  4 gnolls
  An ufetubus (D:4)
  2 adder skeletons
  2 adder zombies (D:4)
  A dart slug (D:1)
  9 orcs
  8 ball pythons
  9 bats
  6 endoplasms
  A giant cockroach (D:4)
  7 goblins
  6 hobgoblins
  9 jackals
  7 kobolds
  4 quokkas
  3 frilled lizards
  A quokka zombie (D:4)
  4 rats
120 creatures vanquished.

Notes
Turn   | Place    | Note
-------+----------+-------------------------------------------
     0 | D:1      | HoaS the Gargoyle Gladiator began the quest for the Orb.
     0 | D:1      | Reached XP level 1. HP: 12/12 MP: 1/1
    44 | D:1      | Found a one-way gate to the infinite horrors of the Abyss.
    44 | D:1      | Found a corrupted altar of Lugonu.
    44 | D:1      | Noticed an iron imp
    44 | D:1      | Noticed a quasit
    44 | D:1      | Noticed a quasit
    44 | D:1      | Noticed an iron imp
    44 | D:1      | Noticed a quasit
    44 | D:1      | Noticed a quasit
    44 | D:1      | Noticed a quasit
    44 | D:1      | Noticed a quasit
    44 | D:1      | Noticed an iron imp
    44 | D:1      | Noticed a quasit
   204 | D:1      | Noticed an iron imp
   287 | D:1      | Reached XP level 2. HP: 14/17 MP: 2/2
   413 | D:1      | Reached skill level 4 in Staves
   448 | D:1      | Reached XP level 3. HP: 11/21 MP: 3/3
  1352 | D:2      | Reached XP level 4. HP: 26/26 MP: 4/4
  1645 | D:2      | Reached skill level 5 in Staves
  2087 | D:3      | Noticed Jessica
  2091 | D:3      | Killed Jessica
  2092 | D:3      | Reached XP level 5. HP: 29/30 MP: 5/5
  2484 | D:4      | Noticed an ogre
  2500 | D:4      | Killed an ogre
  2501 | D:4      | Reached skill level 6 in Staves
  2501 | D:4      | Reached XP level 6. HP: 35/35 MP: 6/6
  2635 | D:4      | Found a staircase to the Ecumenical Temple.
  2734 | Temple   | Entered the Ecumenical Temple
  2929 | Temple   | Became a worshipper of Warmaster Okawaru
  2990 | D:4      | Found a basalt altar of Yredelemnul.
  3161 | D:4      | Reached skill level 1 in Invocations
  3206 | D:4      | Reached skill level 7 in Staves
  3206 | D:4      | Reached skill level 1 in Bows
  3923 | D:5      | Entered Level 5 of the Dungeon
  4010 | D:5      | Reached XP level 7. HP: 27/40 MP: 8/8
  4370 | D:5      | Reached * piety under Okawaru
  4430 | D:5      | Reached skill level 8 in Staves
  4469 | D:5      | Reached XP level 8. HP: 44/44 MP: 7/10
  4524 | D:5      | Reached skill level 9 in Staves
  5325 | D:6      | Reached ** piety under Okawaru
  5590 | D:7      | Slain by an orc warrior

Illustrated notes

Levels and vault maps discovered:
D:1:      erik_arrival_cave_to_civilisation [erik_arrival_cave_to_temple],
          layout_basic
D:2:      layout_basic
D:3:      layout_basic, minmay_misc_feat_iff, uniq_jessica
D:4:      layout_basic, nicolae_yredelemnul_corpse_copse,
          minmay_temple_entry_hall, serial_curves, eino_curves_02,
          eino_curves_02, minmay_starry_boxes
D:5:      layout_loops_ring, kennysheep_small_circle
D:6:      layout_basic, minivault_19
D:7:      layout_loops_corners, overflow_temple_1_default,
          mainiacjoe_overflow_alcove_2, serial_shops, shop
Temple:   nicolae_temple_figure_eight

Skill      XL: |  1  2  3  4  5  6  7  8 |
---------------+-------------------------+-----
Staves         | 4 5 6 7 8 9 |  9.7
Invocations    | 1 3 |  3.0
Bows           | 1 2 |  2.0
Fighting       | |  2.1
Throwing       | |  1.7
Dodging        | |  2.4

Action                   |  1- 3 |  4- 6 |  7- 9 || total
-------------------------+-------+-------+-------++-------
Melee: Quarterstaff      |    95 |   181 |   147 ||   423
Throw: Dart              |       |     4 |       ||     4
Invok: Heroism           |       |       |     2 ||     2
Evoke: Wand              |       |     1 |       ||     1
  Use: Scroll            |     3 |     4 |     1 ||     8
Armor: Leather armour    |     4 |       |       ||     4
       Scale mail        |    36 |    53 |       ||    89
       Chain mail        |       |    46 |    77 ||   123
Dodge: Dodged            |    55 |   104 |    49 ||   208

Table legend: (Time is in decaauts)
 A = Elapsed time spent in this place.
 B = Non-inter-level travel time spent in this place.
 C = Inter-level travel time spent in this place.
 D = Time resting spent in this place.
 E = Time spent auto-exploring this place.
 F = Levels seen in this place.
 G = Mean time per level.
                   A        B        C        D        E       F      G
               +--------+--------+--------+--------+--------+-----+--------+
         Total |   5576 |   5306 |    270 |    921 |   3425 |   8 |  697.0 |
       Dungeon |   5355 |   5111 |    244 |    921 |   3232 |   7 |  765.0 |
        Temple |    221 |    195 |     26 |      0 |    193 |   1 |  221.0 |
               +--------+--------+--------+--------+--------+-----+--------+

Top non-repeatable levels by time:
     D:4: 1294 daAuts
     D:1: 1173 daAuts
     D:6: 833 daAuts
     D:2: 773 daAuts
     D:5: 750 daAuts
     D:3: 474 daAuts
  Temple: 221 daAuts
     D:7: 54 daAuts
